 Dungeon Crawl Stone Soup version 0.30-a0-591-g3c58d2bc28 (webtiles) character file.

Game seed: 1207330669795030420

1753 purpskrrrp the Ruffian (level 8, -2/78 HPs)
             Began as a Troll Transmuter on Jan 6, 2023.
             Slain by a killer bee (4 damage)
             ... on level 7 of the Dungeon.
             The game lasted 00:10:18 (5466 turns).

purpskrrrp the Ruffian (Troll Transmuter)           Turns: 5466, Time: 00:10:19

Health: -2/78      AC:  4    Str: 21    XL:     8   Next: 78%
Magic:  11/11      EV:  9    Int:  9    God:
Gold:   377        SH:  8    Dex: 10    Spells: 5/13 levels left

rFire   . . .      SeeInvis .      - Unarmed
rCold   . . .      Faith    .    z - +2 kite shield
rNeg    . . .      Spirit   .    a - +0 robe
rPois   .          Reflect  .    (helmet restricted)
rElec   .          Harm     .    (no cloak)
rCorr   .          Rampage  .    (gloves unavailable)
Will    .....                    (boots unavailable)
Stlth   +                        (no amulet)
HPRegen 1.13/turn                (no ring)
MPRegen 0.12/turn                (no ring)

@: no status effects
A: large, unfitting armour, claws 3, regeneration 1, shaggy fur 1, tough skin 1
a: no special abilities


You were on level 7 of the Dungeon.
You visited 1 branch of the dungeon, and saw 7 of its levels.

You collected 377 gold pieces.

Inventory:

Missiles
 s - 2 throwing nets
 y - a large rock
Armour
 a - a +0 robe (worn)
 z - a +2 kite shield (worn)
Jewellery
 h - an amulet of reflection
 p - a +4 ring of protection
 x - an amulet of guardian spirit
Wands
 i - a wand of quicksilver (10)
Scrolls
 c - a scroll of silence {unknown}
 g - a scroll of amnesia
 j - a scroll of enchant weapon
 l - a scroll of teleportation {unknown}
 n - a scroll of blinking {unknown}
 o - 5 scrolls of identify
 r - 3 scrolls of immolation {unknown}
 t - a scroll of enchant armour {unknown}
 u - a scroll of fear {unknown}
 v - a scroll of brand weapon {unknown}
 A - a scroll of torment {unknown}
Potions
 b - 3 potions of lignification
 d - a potion of curing
 e - a potion of resistance
 f - 2 potions of brilliance
 k - 3 potions of flight
 m - a potion of might {unknown}
 q - 3 potions of berserk rage {unknown}
 w - 3 potions of haste
 B - a potion of degeneration {unknown}


   Skills:
 + Level 4.0 Fighting
 + Level 4.4 Dodging
 + Level 1.1 Shields
 * Level 6.0 Unarmed Combat
 + Level 3.3 Spellcasting
 + Level 3.9 Transmutations
 + Level 0.1 Air Magic


You had 5 spell levels left.
You knew the following spells:

 Your Spells              Type           Power      Damage    Failure   Level
a - Beastly Appendage     Tmut           16%        N/A       14%         1
b - Storm Form            Tmut/Air       2%         N/A       100%        7

Your spell library contained the following spells:

 Spells                   Type           Power      Damage    Failure   Level
 Wereblood                Tmut           8%         N/A       22%         2
 Magic Dart               Conj           4%         1d3       58%         1
 Shock                    Conj/Air       4%         1d3       58%         1
 Spider Form              Tmut/Pois      5%         N/A       69%         3
 Call Imp                 Summ           1%         N/A       75%         2
 Ignite Poison            Fire/Tmut/Pois 3%         N/A       78%         3
 Kindle Blastsparks       Fire/Tloc/Air  2%         2d10      91%         3
 Mephitic Cloud           Conj/Pois/Air  1%         N/A       91%         3
 Swiftness                Air            1%         N/A       91%         3
 Hailstorm                Conj/Ice       1%         3d3       92%         3
 Ozocubu's Armour         Ice            1%         N/A       92%         3
 Ice Form                 Ice/Tmut       5%         N/A       97%         4
 Airstrike                Air            0%         2d(1-17)  100%        4
 Summon Lightning Spire   Summ/Air       1%         N/A       100%        4
 Fireball                 Conj/Fire      0%         3d3       100%        5
 Freezing Cloud           Conj/Ice/Air   0%         6-21      100%        5
 Iskenderun's Battlesphe  Conj           1%         2d6       100%        5
 Lightning Bolt           Conj/Air       0%         1d11      100%        5
 Metabolic Englaciation   Hex/Ice        0%         N/A       100%        5
 Conjure Ball Lightning   Conj/Air       0%         3x3d6     100%        6
 Simulacrum               Ice/Necr       0%         N/A       100%        6
 Orb of Destruction       Conj           0%         9d5       100%        7
 Maxwell's Capacitive Co  Air            0%         ∞         100%        8


Dungeon Overview and Level Annotations

Branches:
Dungeon (7/15)
 Temple: D:4-7

Altars:
Fedhas
Xom

Portals:
Abyss: D:6

Annotations:
D:6 2 transporters, yumyumyeen's ghost, novice MiMo


Innate Abilities, Weirdness & Mutations

You are too large for most types of armour.
You have claws for hands.
Your natural rate of healing is unusually fast.
You are covered in fur. (AC +1)
You have tough skin. (AC +1)


Message History

You are too injured to fight recklessly!
You are too injured to fight recklessly!
You are too injured to fight recklessly!
You are too injured to fight recklessly!
You are too injured to fight recklessly!
Unknown command.
Okay, then.
Okay, then.
The killer bee attacks as you move away!
The killer bee stings you but does no damage.
The killer bee closely misses you. You block the killer bee's attack.
The killer bee stings you. The killer bee stings you!
* * * LOW HITPOINT WARNING * * *
You are poisoned.
The killer bee poisons you! The killer bee barely misses you.
You block the killer bee's attack.
You feel sick.
The killer bee stings you but does no damage.
The killer bee closely misses you. You block the killer bee's attack. x2
You open the door.
You feel sick. The killer bee stings you.
* * * LOW HITPOINT WARNING * * *
The killer bee stings you.
* * * LOW HITPOINT WARNING * * *
You are more poisoned.
The killer bee poisons you! You block the killer bee's attack.
The killer bee stings you!
* * * LOW HITPOINT WARNING * * *
You are lethally poisoned!
The killer bee poisons you! You block the killer bee's attack.
The killer bee barely misses you.
You feel better. You block the killer bee's attack.
The killer bee barely misses you. The killer bee stings you.
* * * LOW HITPOINT WARNING * * *
The killer bee stings you.
* * * LOW HITPOINT WARNING * * *
The killer bee stings you but does no damage.
The killer bee stings you.
* * * LOW HITPOINT WARNING * * *
The killer bee stings you.
You die...

...........#.##....#.#
#..........#.#.....#.#
#..........#.#.#+#.#.###
...........#.#.#.#.#.#..
.....?.....#.#.#.#.#.#..
...........#.....#.#.#..
..............#)....#.#.##.
#...##+###yy..#............
#... #.#.'@y..#.#'###.#.###
#...##.#.#.y..#.....#.#...'
#..(...#.#....#######.#####
#......#.####.# #......
#..<...#......#############
#......#.#.# ..............
#......#...#.#########..###
#.........................#
#............#########..#..


You could see 4 killer bees.

Vanquished Creatures
  A water moccasin (D:6)
  2 ice beasts
  2 ogres (D:5)
  2 phantoms (D:5)
  A gnoll sergeant (D:5)
  A bullfrog (D:7)
  4 scorpions
  4 howler monkeys
  A hound (D:4)
  2 jellies
  4 orc priests
  2 iguanas
  2 orc wizards (D:5)
  7 adders
  12 gnolls
  A shadow imp (D:7)
  A white imp (D:5)
  2 worms
  20 orcs
  8 endoplasms
  2 giant cockroaches
  9 goblins
  8 hobgoblins
  9 jackals
  7 kobolds
  3 quokkas (D:2)
  7 ball pythons
  5 bats
  3 frilled lizards (D:1)
  4 rats
136 creatures vanquished.

Vanquished Creatures (others)
  4 plants (D:7)
4 creatures vanquished.

Grand Total: 140 creatures vanquished

Notes
Turn   | Place    | Note
-------+----------+-------------------------------------------
     0 | D:1      | purpskrrrp the Troll Transmuter began the quest for the
                  | Orb.
     0 | D:1      | Reached XP level 1. HP: 18/18 MP: 1/1
    62 | D:1      | Found a faded altar of an unknown god.
   183 | D:1      | Reached skill level 1 in Fighting
   320 | D:1      | Reached XP level 2. HP: 27/27 MP: 0/3
  1089 | D:2      | Reached XP level 3. HP: 33/33 MP: 2/4
  1586 | D:2      | Reached XP level 4. HP: 41/41 MP: 1/5
  2446 | D:3      | Found a shimmering altar of Xom.
  2684 | D:4      | You fall into a shaft and drop 2 floors!
  2700 | D:6      | Noticed a cyan ugly thing
  2740 | D:6      | Noticed a scorpion
  2747 | D:6      | Killed a scorpion
  2748 | D:6      | Reached XP level 5. HP: 30/49 MP: 4/6
  2788 | D:6      | Found a transporter.
  2791 | D:6      | Found a transporter.
  2797 | D:6      | Noticed an orc warrior
  2801 | D:6      | Found a one-way gate to the infinite horrors of the Abyss.
  2801 | D:6      | Noticed yumyumyeen's ghost (novice MiMo)
  2801 | D:6      | Noticed a small abomination
  3128 | D:6      | Noticed a water moccasin
  3143 | D:6      | Killed a water moccasin
  3144 | D:6      | Reached skill level 4 in Unarmed Combat
  3144 | D:6      | Reached XP level 6. HP: 29/58 MP: 8/8
  3285 | D:5      | Entered Level 5 of the Dungeon
  3286 | D:5      | Found a blossoming altar of Fedhas.
  3409 | D:5      | Reached XP level 7. HP: 40/66 MP: 9/9
  4162 | D:5      | Reached skill level 5 in Unarmed Combat
  4220 | D:5      | Reached XP level 8. HP: 17/75 MP: 11/11
  5321 | D:7      | Reached skill level 1 in Shields
  5329 | D:7      | Learned a level 7 spell: Storm Form
  5406 | D:7      | Reached skill level 6 in Unarmed Combat
  5466 | D:7      | HP: 2/78 [killer bee (2)]
  5466 | D:7      | Slain by a killer bee

Illustrated notes

Levels and vault maps discovered:
D:1:      matt_arrival_spirals, layout_basic,
          shapermc_ecumenical_altar_mp_highgroup,
          minmay_misc_feat_secret_circle, hangedman_decor_points,
          minmay_tetromino_t2
D:2:      layout_rooms
D:3:      layout_loops_ring, lemuel_coloured_pillars_altar
D:4:      layout_cave_pools, serial_park_tiny_2, chequers_serial_rivers_room_b,
          minmay_surrounded
D:5:      layout_loops_ring, fedhas_altar_1, nicolae_zen_rock_garden,
          minmay_misc_feat_doors, chequers_arboretum, serial_bayou_pond_d
D:6:      layout_rooms, gammafunk_ghost_abyssal_escape
D:7:      layout_basic, gammafunk_temple_overflow_wave,
          minmay_temple_entry_gardened_gates

Skill      XL: |  1  2  3  4  5  6  7  8 |
---------------+-------------------------+-----
Fighting       | 1 2 3 4 |  4.0
Dodging        | 2 3 4 |  4.4
Transmutations | 2 3 |  3.9
Spellcasting   | 2 3 |  3.3
Unarmed Combat | 4 5 6 |  6.0
Shields        | 1 |  1.1
Air Magic      | |  0.1

Action                   |  1- 3 |  4- 6 |  7- 9 || total
-------------------------+-------+-------+-------++-------
Melee: Unarmed           |    83 |    98 |   192 ||   373
       Headbutt          |     9 |     9 |    11 ||    29
       Kick              |     6 |    10 |    19 ||    35
       Punch             |     2 |       |     2 ||     4
 Cast: Beastly Appendage |    25 |    21 |    17 ||    63
  Use: Scroll            |     5 |     4 |     1 ||    10
       Potion            |       |     2 |     4 ||     6
Armor: Robe              |    26 |    20 |    46 ||    92
Dodge: Dodged            |    45 |    36 |    95 ||   176
Block: Kite shield       |       |       |    29 ||    29

Table legend: (Time is in decaauts)
 A = Elapsed time spent in this place.
 B = Non-inter-level travel time spent in this place.
 C = Inter-level travel time spent in this place.
 D = Time resting spent in this place.
 E = Time spent auto-exploring this place.
 F = Levels seen in this place.
 G = Mean time per level.
                   A        B        C        D        E       F      G
               +--------+--------+--------+--------+--------+-----+--------+
         Total |   5404 |   5076 |    328 |    381 |   3815 |   7 |  772.0 |
       Dungeon |   5404 |   5076 |    328 |    381 |   3815 |   7 |  772.0 |
               +--------+--------+--------+--------+--------+-----+--------+

Top non-repeatable levels by time:
     D:5: 1181 daAuts
     D:1: 1080 daAuts
     D:2: 815 daAuts
     D:3: 791 daAuts
     D:4: 612 daAuts
     D:6: 608 daAuts
     D:7: 315 daAuts
